Map: Tropical Sacrifice

Players

Lugz - Winner!

  • Race: Zerg Zerg
  • League: Diamond
  • Spawn Location: 7:00

DaveTestaSC

  • Race: Protoss Protoss
  • League: Diamond
  • Spawn Location: 1:00

VOD

Have the link to the VOD?

Description

Time

  • Played on: Aug. 10, 2022, 7:48 p.m.
  • Length: 17:20
Show
View Real Time Build Order
Export as new Build Order

Lugz Zerg - Winner!

Build Orders: Hatch First, Lurkers 

Get SALT Encoding   

  12  0:00  Drone  
  13  0:13  Overlord  
  13  0:18  Drone  
  14  0:32  Drone x2  
  16  0:52  Hatchery  
  16  0:55  Drone  
  16  0:58  Drone  
  16  1:01  Drone  
  18  1:12  Extractor  
  18  1:17  Spawning Pool  
  16  1:20  Drone  
  16  1:23  Drone  
  18  1:29  Drone  
  19  1:40  Overlord  
  19  1:50  Drone  
  20  2:03  Queen  
  20  2:04  Queen  
  20  2:05  Drone  
  20  2:06  Drone  
  26  2:13  Drone  
  27  2:16  Metabolic Boost  
  27  2:20  Drone  
  28  2:25  Drone  
  28  2:26  Drone  
  30  2:44  Hatchery  
  29  2:49  Drone x3  
  32  2:53  Overlord  
  32  2:58  Drone x2  
  34  3:04  Queen  
  36  3:12  Overlord  
  36  3:13  Drone  
  36  3:17  Drone x3  
  40  3:23  Queen  
  40  3:24  Drone  
  43  3:28  Overlord  
  43  3:38  Zergling x2  
  44  3:54  Zergling x4  
  44  3:55  Drone x4  
  50  3:57  Queen  
  50  3:58  Queen  
  50  3:59  Queen  
  56  4:07  Spore Crawler  
  56  4:09  Spore Crawler  
  54  4:16  Drone  
  58  4:17  Drone x6  
  58  4:20  Evolution Chamber  
  58  4:22  Overlord  
  60  4:25  Overlord  
  60  4:26  Spore Crawler  
  60  4:29  Overlord  
  59  4:42  Overlord  
  59  4:44  Drone x7  
  66  4:46  Drone  
  67  4:56  Drone  
  67  4:58  Zergling x10  
  73  5:04  Overlord  
  73  5:09  Overlord  
  73  5:13  Zergling x16  
  81  5:20  Lair  
  81  5:21  Zergling x2  
  81  5:23  Zergling x2  
  81  5:26  Drone  
  82  5:34  Hatchery  
  80  5:38  Zergling x12  
  86  5:53  Zergling x14  
  93  6:01  Zergling x6  
  96  6:09  Overlord  
  96  6:11  Drone x4  
  98  6:15  Hatchery  
  82  6:33  Drone  
  82  6:34  Drone x9  
  82  6:38  Zerg Melee Weapons Level 1  
  91  6:42  Zergling x2  
  91  6:43  Zergling x2  
  91  6:44  Zergling x6  
  96  6:52  Roach Warren  
  95  6:54  Extractor  
  95  6:55  Extractor  
  95  6:56  Extractor  
  95  6:58  Zergling x2  
  95  6:59  Zergling x12  
  99  7:07  Queen  
  101  7:09  Overlord  
  101  7:10  Overlord  
  101  7:12  Hydralisk Den  
  100  7:16  Evolution Chamber  
  100  7:18  Evolution Chamber  
  100  7:19  Drone  
  100  7:20  Drone x13  
  112  7:53  Hatchery  
  112  7:57  Overlord  
  111  7:59  Glial Reconstitution  
  111  8:01  Overlord  
  111  8:02  Roach x13, Infestation Pit  
  111  8:03  Roach x2  
  140  8:07  Overlord  
  140  8:08  Overlord x3  
  140  8:13  Pneumatized Carapace  
  140  8:25  Overlord  
  140  8:26  Overlord  
  142  8:27  Roach x12  
  142  8:33  Overseer  
  164  8:35  Overseer  
  164  8:39  Roach x2  
  168  8:44  Extractor  
  168  8:45  Extractor  
  168  8:46  Drone x3  
  168  8:47  Drone x10  
  156  9:19  Drone  
  156  9:20  Drone x6  
  148  9:30  Zergling x2  
  139  9:32  Zergling x34  
  152  9:43  Zergling x12  
  156  9:46  Infestation Pit  
  156  9:51  Extractor  
  150  9:54  Extractor  
  145  10:03  Hatchery  
  145  10:05  Zergling x26  
  145  10:06  Zergling x12  
  155  10:09  Hive  
  155  10:10  Grooved Spines  
  155  10:11  Zerg Melee Weapons Level 2  
  155  10:12  Zerg Missile Weapons Level 1  
  134  10:32  Hydralisk x10  
  154  10:40  Spine Crawler, Overseer  
  153  10:43  Zergling x26  
  166  11:15  Burrow  
  166  11:17  Zerg Ground Armor Level 1  
  166  11:22  Muscular Augments  
  166  11:29  Adrenal Glands  
  166  11:31  Lurker Den  
  166  11:32  Spire  
  164  11:37  Zergling x2  
  164  11:38  Ultralisk Cavern, Zergling x58  
  164  11:39  Zergling x14  
  155  12:05  Hydralisk x13  
  139  12:28  Hydralisk  
  139  12:29  Hydralisk x9  
  145  12:31  Zergling x2  
  145  12:32  Zergling x16  
  148  12:40  Chitinous Plating  
  148  12:45  Zerg Melee Weapons Level 3  
  148  12:47  Zergling x6  
  148  12:48  Zergling x6  
  148  12:49  Extractor  
  153  12:52  Extractor  
  151  12:59  Zergling x16  
  151  13:00  Zergling x12  
  148  13:19  Zergling x2  
  147  13:20  Zergling x24  
  136  13:37  Adaptive Talons  
  136  13:45  Hydralisk x4  
  136  13:46  Hydralisk x13  
  169  14:11  Hatchery  
  169  14:15  Lurker x5  
  169  14:16  Lurker x4  
  177  14:21  Overseer x3  
  177  14:30  Lurker  
  177  14:31  Lurker  
  179  14:34  Seismic Spines  
  179  14:35  Lurker  
  179  14:37  Lurker  
  181  14:40  Lurker  
  181  14:44  Overlord  
  182  15:03  Zergling x2  
  182  15:04  Zergling x34  
  155  16:10  Ultralisk x6  
  155  16:11  Ultralisk x2  
  189  16:15  Zergling x22  
  179  16:49  Spire  
  169  17:05  Extractor  
  169  17:06  Extractor  
Show
View Real Time Build Order
Export as new Build Order

DaveTestaSC Protoss 

Build Orders: 1 Gate Expand, Double Forge, Oracle Opening 

Get SALT Encoding   

  12  0:01  Probe  
  13  0:14  Probe  
  14  0:26  Probe  
  15  0:29  Pylon  
  15  0:47  Probe (Chrono Boost), Gateway  
  16  0:50  Assimilator  
  17  0:57  Probe (Chrono Boost)  
  17  1:02  Probe (Chrono Boost)  
  18  1:13  Probe  
  19  1:25  Probe  
  20  1:32  Nexus  
  20  1:40  Cybernetics Core  
  20  1:43  Probe (Chrono Boost)  
  21  1:49  Assimilator  
  22  1:55  Probe (Chrono Boost)  
  22  2:03  Probe (Chrono Boost)  
  22  2:06  Pylon  
  23  2:18  Warp Gate  
  23  2:22  Adept (Chrono Boost)  
  23  2:24  Probe  
  26  2:36  Probe  
  27  2:39  Stargate  
  27  2:43  Stalker (Chrono Boost)  
  27  2:47  Probe  
  30  2:55  Gateway  
  30  3:00  Probe x2  
  33  3:12  Probe  
  33  3:13  Probe  
  34  3:20  Oracle (Chrono Boost)  
  34  3:25  Probe x2  
  39  3:32  Pylon  
  39  3:37  Probe x2  
  41  3:48  Oracle (Chrono Boost)  
  41  3:51  Nexus  
  41  3:53  Probe  
  45  4:03  Probe  
  45  4:07  Pylon  
  46  4:10  Assimilator  
  46  4:16  Probe (Chrono Boost)  
  48  4:18  Probe (Chrono Boost), Oracle  
  48  4:20  Assimilator  
  51  4:27  Probe (Chrono Boost)  
  51  4:30  Probe (Chrono Boost)  
  53  4:31  Probe (Chrono Boost)  
  54  4:38  Probe  
  54  4:40  Twilight Council  
  54  4:41  Forge  
  54  4:44  Probe, Forge  
  56  4:45  Gateway  
  56  4:50  Probe  
  58  5:00  Probe (Chrono Boost)  
  58  5:03  Probe (Chrono Boost)  
  58  5:04  Probe (Chrono Boost)  
  63  5:14  Probe (Chrono Boost), Protoss Ground Armor Level 1 (Chrono Boost), Blink (Chrono Boost)  
  63  5:15  Probe x2 (Chrono Boost), Pylon  
  63  5:19  Probe x2 (Chrono Boost), Protoss Ground Weapons Level 1 (Chrono Boost)  
  65  5:39  Probe  
  65  5:40  Stalker x3  
  69  5:45  Gateway  
  69  5:47  Gateway  
  69  5:50  Oracle  
  69  5:54  Gateway  
  72  5:57  Gateway  
  72  5:58  Probe (Chrono Boost)  
  72  6:00  Pylon  
  72  6:03  Probe x2 (Chrono Boost), Pylon  
  75  6:07  Probe (Chrono Boost)  
  75  6:11  Probe (Chrono Boost)  
  77  6:12  Probe x2 (Chrono Boost)  
  69  6:18  Stalker x3  
  73  6:26  Probe x2  
  74  6:33  Probe  
  74  6:38  Probe x2  
  77  6:40  Gateway  
  77  6:42  Pylon  
  77  6:45  Probe  
  78  6:47  Templar Archives  
  78  6:50  Probe  
  78  6:53  Pylon  
  79  6:56  Probe  
  80  7:03  Pylon  
  80  7:04  Probe  
  80  7:05  Nexus, Probe  
  80  7:07  Pylon  
  82  7:11  Probe, Protoss Ground Weapons Level 2 (Chrono Boost)  
  83  7:16  Probe  
  83  7:17  Probe, Psionic Storm  
  83  7:18  Charge (Chrono Boost)  
  85  7:22  Stalker  
  85  7:23  Probe  
  85  7:26  Assimilator  
  85  7:27  Protoss Ground Armor Level 2 (Chrono Boost)  
  85  7:28  Probe  
  89  7:34  Probe  
  89  7:35  Probe  
  89  7:36  Assimilator  
  91  7:38  Pylon  
  91  7:40  Probe  
  91  7:42  Shield Battery  
  92  7:46  Robotics Facility, Probe, Stalker  
  92  7:47  Probe  
  96  7:54  Gateway  
  96  7:57  Probe  
  97  8:03  Shield Battery  
  97  8:06  Photon Cannon  
  97  8:08  Probe x2  
  99  8:17  Probe x2  
  101  8:20  Probe  
  101  8:21  Pylon  
  101  8:24  Robotics Facility  
  102  8:27  Pylon  
  102  8:37  Robotics Bay  
  102  8:40  Gateway  
  102  8:43  Gateway  
  102  8:44  Probe (Chrono Boost), Pylon  
  102  8:45  Zealot x6  
  102  8:46  Pylon, High Templar  
  102  8:47  High Templar  
  122  8:49  Probe (Chrono Boost)  
  122  8:50  Probe x2 (Chrono Boost)  
  122  8:53  Probe (Chrono Boost), Observer (Chrono Boost)  
  124  8:57  Probe x3 (Chrono Boost)  
  124  9:01  Archon  
  127  9:06  Stalker x5  
  127  9:07  Protoss Air Weapons Level 1  
  127  9:10  Immortal  
  127  9:19  Zealot x4  
  123  9:26  Disruptor  
  123  9:31  Void Ray  
  110  9:34  Stalker x3  
  99  9:46  Stalker x5  
  100  9:58  Probe x3  
  99  10:03  Zealot x6  
  99  10:16  Void Ray  
  99  10:20  Zealot x4  
  103  10:25  Zealot x2  
  100  10:31  Stalker x2  
  100  10:33  Disruptor  
  107  10:45  Nexus  
  107  10:48  Pylon  
  107  10:55  High Templar x6  
  119  11:03  Zealot x2  
  119  11:04  Observer (Chrono Boost), Zealot x2  
  127  11:07  Probe (Chrono Boost)  
  131  11:11  Disruptor (Chrono Boost)  
  131  11:12  Probe (Chrono Boost)  
  131  11:13  Probe (Chrono Boost)  
  131  11:18  Probe (Chrono Boost), Protoss Ground Weapons Level 3 (Chrono Boost)  
  135  11:19  Protoss Shields Level 1 (Chrono Boost)  
  135  11:22  Probe (Chrono Boost)  
  136  11:30  Disruptor (Chrono Boost)  
  136  11:37  Zealot x4  
  147  11:41  Probe x3  
  150  11:47  Stalker x2  
  150  11:56  Archon  
  122  12:08  Archon  
  114  12:09  Archon  
  114  12:11  Stalker x8  
  114  12:13  Probe x2  
  128  12:20  Zealot x3  
  115  12:30  Disruptor  
  118  12:37  Stalker x5  
  118  12:39  Extended Thermal Lance (Chrono Boost)  
  128  12:46  Probe x2  
  129  13:00  High Templar  
  129  13:01  Zealot x6  
  140  13:08  Disruptor  
  140  13:10  Colossus  
  137  13:16  Probe  
  137  13:17  Probe x2  
  130  13:33  Zealot  
  130  13:34  Zealot x10  
  120  13:45  Colossus  
  121  13:48  Assimilator  
  121  13:51  Assimilator  
  121  13:54  Photon Cannon  
  121  13:57  Photon Cannon  
  121  14:01  Protoss Ground Armor Level 3 (Chrono Boost), Void Ray (Chrono Boost)  
  121  14:02  High Templar x2  
  127  14:03  Probe  
  127  14:07  Pylon  
  127  14:09  Pylon  
  130  14:11  Photon Cannon  
  130  14:13  Colossus  
  136  14:22  Nexus  
  136  14:24  Pylon  
  136  14:29  High Templar x2  
  140  14:35  Pylon  
  140  14:37  High Templar  
  142  14:39  Zealot x5  
  142  14:44  Photon Cannon  
  142  14:45  Shield Battery  
  152  14:46  Probe  
  152  14:47  Stalker  
  155  14:53  Fleet Beacon  
  155  14:57  Stalker  
  155  14:59  Observer  
  158  15:09  Disruptor  
  157  15:37  Pylon  
  157  15:38  Nexus  
  157  15:39  Disruptor  
  157  15:40  Pylon  
  157  15:41  Pylon  
  159  15:45  Zealot x10  
  159  15:46  Photon Cannon  
  166  15:57  Zealot  
  110  16:12  Archon  
  95  16:20  Zealot x5  
  95  16:21  Zealot x4  
  105  16:36  High Templar x2  
  106  16:41  Probe x3  
  95  17:10  Archon  
  95  17:12  Zealot x2  
  95  17:13  Zealot  
Tags
 
Add a new tag
Caveats
  • Supply blocks, unpowered buildings, or Contaminate may cause inaccurate times.
  • Supply counts are checked every 10 seconds.